AoeStats
← hualiya44

Nomad

509768084Analyzed
4v4 RM · 3d ago on Sep 27, 2026· 42m 25s· 8 players
Game mode
Random Map
Map size
231×231
Population
200
Speed
Normal
Resources
Standard
Victory
Conquest
Starting age
Dark Age
Ending age
Imperial Age
RankedLock teamsTeams togetherTeam positionsShared explorationLock speedFull tech treeHidden civsTurbo modeCheats
Victory
Defeat
🇦🇷 Gurjaras · Argentina
1275
+14
🇦🇷 Goths · Argentina
1253
+15
🇦🇷 Hindustanis · Argentina
1230
+16
🇹🇼 Persians · Taiwan
1182
+17
🇦🇷 Vietnamese · Argentina
1247
-16
🇺🇸 Turks · United States
1233
-17
🇦🇷 Huns · Argentina
1219
-15
🇨🇦 Huns · Canada
1181
-14
ValleyMage
4:51 Loom
4:57 Loom
13:24 Feudal Age
14:10 Double-Bit Axe
20:26 Castle Age
19:59 Bloodlines
20:50 Scale Barding Armor
20:56 Forging
21:30 Husbandry
26:43 Chain Barding Armor
28:35 Squires
29:22 Wheelbarrow
34:13 Imperial Age
34:52 Fletching
35:39 Iron Casting
37:08 Conscription
37:58 Fletching
38:43 Fortified Wall
38:30 Murder Holes
unclesam613
4:17 Loom
13:54 Feudal Age
17:47 Castle Age
15:48 Fishing Lines
17:17 Double-Bit Axe
19:07 Bow Saw
20:17 Wheelbarrow
19:28 Town Watch
20:24 Gillnets
21:47 Stone Mining
21:51 Gold Mining
24:40 Thumb Ring
25:25 Hand Cart
26:02 Horse Collar
31:18 Imperial Age
29:06 Husbandry
30:00 Marauders
30:40 Fletching
32:14 Bodkin Arrow
33:16 Scale Barding Armor
35:35 Bloodlines
34:46 Light Cavalry
35:54 Chain Barding Armor
DiegoArmando
3:14 Loom
14:23 Feudal Age
14:53 Double-Bit Axe
14:56 Town Watch
16:39 Wheelbarrow
20:27 Fishing Lines
24:39 Castle Age
22:34 Horse Collar
25:57 Hand Cart
25:53 Bow Saw
25:47 Heavy Plow
26:01 Medium Warships
28:12 Stone Mining
28:13 Gold Mining
28:59 Fletching
30:39 Gillnets
33:53 Imperial Age
30:48 Crossbowman
31:25 Bodkin Arrow
31:30 Padded Archer Armor
32:58 Ballistics
32:46 Thumb Ring
34:08 Leather Archer Armor
36:00 Chemistry
35:02 Bracer
34:25 Arbalester
36:10 Two-Man Saw
35:23 Squires
37:10 Heavy Cavalry Archer
40:18 Pikeman
40:59 Squires
41:33 Ring Archer Armor
Vagatela
6:19 Loom
7:17 Loom
14:52 Feudal Age
15:31 Double-Bit Axe
15:47 Horse Collar
20:31 Forging
20:26 Scale Barding Armor
26:16 Castle Age
25:50 Scale Barding Armor
25:59 Bloodlines
27:10 Bow Saw
27:04 Heavy Plow
28:07 Wheelbarrow
27:31 Stone Mining
28:39 Gold Mining
30:14 Gold Shaft Mining
36:14 Imperial Age
35:21 Iron Casting
34:51 Light Cavalry
36:44 Husbandry
38:00 Chain Barding Armor
38:40 Blast Furnace
Tw/binjiun
4:10 Loom
14:41 Feudal Age
16:19 Horse Collar
18:44 Castle Age
17:28 Stone Mining
19:17 Double-Bit Axe
26:03 Wheelbarrow
26:34 Gold Mining
27:59 Heavy Plow
30:27 Gold Shaft Mining
30:24 Hand Cart
34:28 Imperial Age
32:56 Bloodlines
32:58 Scale Barding Armor
33:03 Forging
35:11 Conscription
35:03 Heavy Camel Rider
35:43 Husbandry
36:24 Crop Rotation
36:06 Bow Saw
36:38 Chain Barding Armor
37:34 Iron Casting
37:46 Cavalier
40:07 Plate Barding Armor
40:32 Blast Furnace
42:11 Savar
[FeI] F0rever
3:26 Loom
13:17 Feudal Age
17:20 Castle Age
18:21 Town Watch
19:12 Wheelbarrow
25:19 Forging
26:00 Medium Warships
27:11 Fletching
30:30 Stone Mining
30:30 Gold Mining
36:30 Imperial Age
40:36 Husbandry
40:47 Bloodlines
42:26 Conscription
42:13 Scale Mail Armor
hualiya44
3:23 Loom
13:50 Feudal Age
14:43 Town Watch
19:12 Castle Age
28:46 Horse Collar
28:53 Double-Bit Axe
32:22 Wheelbarrow
34:18 Hand Cart
37:23 Gold Mining
39:14 Forging
39:04 Scale Mail Armor
41:15 Bow Saw
41:07 Heavy Plow
41:48 Iron Casting
41:28 Chain Mail Armor
42:22 Anarchy
42:44 Squires
[BANDY2] Orok
3:22 Loom
13:33 Feudal Age
15:55 Double-Bit Axe
18:42 Castle Age
17:10 Horse Collar
18:29 Town Watch
20:45 Bow Saw
22:05 Wheelbarrow
21:41 Fletching
25:22 Bodkin Arrow
28:28 Husbandry
29:11 Squires
29:51 Gold Mining
30:32 Scale Mail Armor
31:47 Light Cavalry
32:46 Bloodlines
34:37 Forging
35:54 Chain Mail Armor
36:29 Iron Casting
35:42 Arson
37:22 Hand Cart
39:09 Gold Shaft Mining
38:58 Heavy Plow
Connection lost

Rejoining the realm…

Still unreachable

The connection could not be restored.

Session expired

The server has moved on; the page needs a fresh start.